 Dungeon Crawl Stone Soup version 0.25-a0-435-g4b9beb1024 (webtiles) character file.

Game seed: 11062015746944508260, levelgen mode: deterministic

224 Archen the Chopper (level 5, -1/47 HPs)
             Began as a Minotaur Berserker on Jan 29, 2020.
             Was a Priest of Trog.
             Slain by an ogre
             ... wielding a cursed -3 giant spiked club
              (9 damage)
             ... on level 4 of the Dungeon.
             The game lasted 00:05:36 (2910 turns).

Archen the Chopper (Minotaur Berserker)             Turns: 2910, Time: 00:05:37

Health: -1/47      AC:  9    Str: 23    XL:     5   Next: 67%
Magic:  4/4        EV: 11    Int:  4    God:    Trog [***...]
Gold:   198        SH:  0    Dex:  9    Spells: 4/4 levels left

rFire    . . .     SeeInvis .   a - +0 hand axe
rCold    + . .     Gourm    .   (no shield)
rNeg     . . .     Faith    .   m - +0 scale mail
rPois    +         Spirit   .   (helmet restricted)
rElec    .         Reflect  .   (no cloak)
rCorr    .         Harm     .   e - +0 pair of gloves
MR       .....                  s - +0 pair of boots
Stlth    ..........             (no amulet)
HPRegen  0.15/turn              g - ring of protection from cold
MPRegen  0.09/turn              j - ring of poison resistance

@: no status effects
A: retaliatory headbutt, horns 2
a: Berserk, Trog's Hand, Renounce Religion


You were on level 4 of the Dungeon.
You worshipped Trog.
Trog was most pleased with you.
You were not hungry.

You visited 1 branch of the dungeon, and saw 4 of its levels.

You collected 198 gold pieces.

Inventory:

Hand Weapons
 a - a +0 hand axe (weapon)
Armour
 e - a +0 pair of gloves (worn)
 m - a +0 scale mail (worn)
 s - a +0 pair of boots (worn)
Jewellery
 g - a ring of protection from cold (left hand)
 j - a ring of poison resistance (right hand)
 t - an uncursed ring of ice {unknown}
Scrolls
 f - 3 scrolls of remove curse
 h - a scroll of amnesia {unknown}
 l - 2 scrolls of teleportation {unknown}
 n - a scroll of noise {unknown}
 o - a scroll of magic mapping {unknown}
 p - 2 scrolls of fog {unknown}
Potions
 b - a potion of might {unknown}
 d - a potion of flight {unknown}
 i - a potion of mutation {unknown}
 k - 2 potions of heal wounds {unknown}
 q - a potion of cancellation {unknown}
Comestibles
 c - 7 rations


   Skills:
 + Level 4.7 Fighting
 * Level 5.7 Axes
 + Level 3.8 Armour
 + Level 3.5 Dodging


You had 4 spell levels left.
You didn't know any spells.
Your spell library was empty.

Dungeon Overview and Level Annotations

Branches:
Dungeon (4/15)
 Temple: D:4-7

Altars:
Cheibriados
Dithmenos
Gozag
Sif Muna


Innate Abilities, Weirdness & Mutations

You reflexively headbutt those who attack you in melee.
You have a pair of horns on your head.


Message History

There is an open door here.
You now have 198 gold pieces (gained 16).
An ogre comes into view. It is wielding a -3 giant spiked club.
The ogre hits you with a cursed -3 giant spiked club!!
You barely miss the ogre. You hit the ogre. Your headbutt misses the ogre.
The ogre is lightly wounded.
The ogre misses you.
You hit the ogre. You headbutt the ogre.
The ogre is heavily wounded.
The ogre hits you with a cursed -3 giant spiked club!!
* * * LOW HITPOINT WARNING * * *
You are too injured to fight recklessly!
You are too injured to fight recklessly!
You hit the ogre.
The ogre is severely wounded.
You barely miss the ogre.
The ogre is severely wounded.
The ogre hits you with a cursed -3 giant spiked club!
You die...

.....................#
.....................#
..$..................#
....?................#
.....................#
.....!...............#
####....#+############
#....# #...@# #...O#
#....# #....# .......
........ .........
..........


You could see an ogre.

Vanquished Creatures
  An orc priest (D:3)
  Robin (D:2)
  3 gnolls (D:3)
  6 adders
  4 worms
  A dart slug (D:2)
  2 leopard geckos (D:1)
  4 orcs (D:3)
  4 giant cockroaches
  10 goblins
  12 hobgoblins
  4 jackals (D:3)
  2 quokkas (D:3)
  2 ball pythons
  3 bats
  5 frilled lizards
  13 kobolds
  5 rats
82 creatures vanquished.

Notes
Turn   | Place    | Note
-------+----------+-------------------------------------------
     0 | D:1      | Archen the Minotaur Berserker began the quest for the Orb.
     0 | D:1      | Reached XP level 1. HP: 19/19 MP: 0/0
   198 | D:1      | Reached XP level 2. HP: 27/27 MP: 1/1
   220 | D:1      | Reached skill level 4 in Axes
   945 | D:2      | Reached ** piety under Trog
   992 | D:2      | Reached XP level 3. HP: 31/33 MP: 2/2
  1082 | D:2      | Noticed Robin
  1092 | D:2      | Killed Robin
  1157 | D:2      | Reached XP level 4. HP: 20/40 MP: 3/3
  1518 | D:2      | Found a shadowy altar of Dithmenos.
  1519 | D:2      | Found a shimmering blue altar of Sif Muna.
  1519 | D:2      | Found a snail-covered altar of Cheibriados.
  1583 | D:2      | Reached skill level 5 in Axes
  1733 | D:3      | Reached *** piety under Trog
  1783 | D:3      | Reached XP level 5. HP: 23/47 MP: 4/4
  2011 | D:3      | Found an opulent altar of Gozag.
  2705 | D:3      | Found a faded altar of an unknown god.
  2902 | D:4      | Noticed an ogre
  2910 | D:4      | Slain by an ogre

Levels and vault maps discovered:
D:1:      matt_arrival_refuge, layout_basic, chequers_serial_rivers_micro_d
D:2:      layout_rooms, chequers_temple_overflow_statue_of_worship, uniq_robin
D:3:      layout_basic, lemuel_round_altar, first_ration,
          chequers_ecumenical_altar_grove
D:4:      layout_gridville, kennysheep_mini,
          yredelemnul_forgotten_temple_becter, cheibrodos_sewer_entry_bend,
          serial_shops, shop, shop, nicolae_shop_trees, uniq_eustachio

Skill      XL: |  1  2  3  4 |
---------------+-------------+-----
Axes           | 4 5 |  5.7
Fighting       | 4 |  4.7
Armour         | 3 |  3.8
Dodging        | 3 |  3.5

Action                   |  1- 3 |  4- 6 || total
-------------------------+-------+-------++-------
Melee: Hand axe          |    85 |    95 ||   180
       Headbutt          |     9 |    14 ||    23
  Use: Scroll            |     2 |       ||     2
  Eat: Chunk             |     1 |     5 ||     6
Armor: Animal skin       |     4 |       ||     4
       Scale mail        |    22 |    33 ||    55
Dodge: Dodged            |    41 |    62 ||   103

Table legend:
 A = Non-vault XP
 B = Vault XP
 C = Vault XP percentage of total XP
 D = Non-vault monster count
 E = Vault monster count
 F = Vault count percentage of total count
                 A         B        C        D         E       F
            +---------+---------+-------+---------+---------+-------
      Total |     292 |      28 |   8.8 |      74 |       8 |   9.8
            +---------+---------+-------+---------+---------+-------
        D:1 |      32 |       0 |   0.0 |      19 |       0 |   0.0
        D:2 |      98 |      28 |  22.2 |      24 |       8 |  25.0
        D:3 |     162 |       0 |   0.0 |      31 |       0 |   0.0
            +---------+---------+-------+---------+---------+-------
